 Dungeon Crawl Stone Soup version 0.29.0-4-gdea44cf6ec (webtiles) character file.

Game seed: 18108437024303646165

941 qw the Grappler (level 8, -2/67 HPs)
             Began as a Ghoul Fire Elementalist on Aug 30, 2022.
             Slain by a wight
             ... wielding a +4 great sword
              (16 damage)
             ... on level 6 of the Dungeon.
             The game lasted 00:05:01 (4497 turns).

qw the Grappler (Ghoul Fire Elementalist)           Turns: 4497, Time: 00:05:02

Health: -2/67      AC:  9    Str: 14    XL:     8   Next: 12%
Magic:  9/9        EV:  6    Int: 10    God:
Gold:   247        SH:  0    Dex:  9    Spells: 9/10 levels left

rFire   . . .      SeeInvis +     - Unarmed
rCold   + . .      Faith    .   (no shield)
rNeg    + + +      Spirit   .   g - +0 chain mail
rPois   inf        Reflect  .   (no helmet)
rElec   .          Harm     .   (no cloak)
rCorr   .          Rampage  .   n - +0 pair of gloves
Will    .....                   (no boots)
Stlth   ..........              f - amulet of regeneration
HPRegen 0.00/turn               b - ring of see invisible
MPRegen 0.11/turn               (no ring)

@: inhibited regen
A: claws 1, cold resistance 1, negative energy resistance 3, inhibited
regeneration, torment resistance 2, devour on kill
a: no special abilities


You were on level 6 of the Dungeon.
You visited 1 branch of the dungeon, and saw 6 of its levels.

You collected 247 gold pieces.


Innate Abilities, Weirdness & Mutations

You are immune to poison.
You have sharp fingernails.
Your flesh is cold resistant. (rC+)
You are immune to negative energy. (rN+++)
You do not regenerate when monsters are visible.
You are immune to unholy pain and torment.
You thrive by killing the living.


   Skills:
 - Level 4.5 Fighting
 + Level 1.5 Armour
 - Level 1.7 Dodging
 - Level 2.1 Stealth
 - Level 8.2 Unarmed Combat
 - Level 1.7 Spellcasting
 - Level 0.7 Conjurations
 - Level 2.4 Fire Magic


You had 9 spell levels left.
You knew the following spells:

 Your Spells              Type           Power      Damage    Failure   Level
a - Foxfire               Conj/Fire      16%        2x1d4     99%         1

Your spell library contained the following spells:

 Spells                   Type           Power      Damage    Failure   Level
 Scorch                   Fire           10%        2d5       99%         2
 Conjure Flame            Conj/Fire      4%         6-21      100%        3
 Inner Flame              Hex/Fire       3%         N/A       100%        3
 Flame Wave               Conj/Fire      4%         2d5       100%        4

Inventory:

Missiles
 c - a boomerang (quivered)
Armour
 g - a +0 chain mail (worn)
 n - a +0 pair of gloves (worn)
Jewellery
 b - a ring of see invisible (left hand)
 f - an amulet of regeneration (around neck)
Scrolls
 e - a scroll of identify
Potions
 a - a potion of haste {unknown}
 d - a potion of berserk rage {unknown}
 h - 2 potions of curing
 i - a potion of might
 j - a potion of heal wounds {unknown}
 k - a potion of mutation {unknown}
 l - a potion of flight {unknown}
 o - a potion of degeneration {unknown}

Dungeon Overview and Level Annotations

Branches:
Dungeon (6/15)
 Temple: D:4-7

Altars:
Cheibriados
Fedhas
Kikubaaqudgha
Ru
Wu Jian

Annotations:
D:2 1 runed translucent door, Crazy Yiuf


Message History

There is a stone staircase leading down here.
You climb downwards.
There is a stone staircase leading up here.
There is a stone staircase leading up here.
You see here a black bear corpse.
Things that are here:
a +0 ring mail; a +0 hand axe You see here a +0 robe.
There is a stone staircase leading down here.
You climb downwards.
Found 21 gold pieces and a scroll labelled IRCHAN UQYH.
There is a stone staircase leading up here.
There are monsters nearby!
Existing waypoints: (1) D:5 (2) D:4 Assign waypoint to what number? (0-9, D - delete waypoint) Waypoint 1 re-assigned from D:5 to D:6.
Enter note: 2 wights come into view.
Found 16 gold pieces.
The wight hits you from afar with a +4 trident.
The wight hits you from afar with a +1 spear.
The wight hits you with a +4 trident!
You closely miss the wight. You hit the wight.
The wight is moderately damaged.
The wight hits you from afar with a +1 spear!
The wight hits you with a +4 great sword!
The wight hits you with a +4 trident.
You hit the wight. You punch the wight.
The wight is heavily damaged.
The wight barely misses you. x2
The wight hits you with a +4 great sword!
You hit the wight but do no damage. You punch the wight, but do no damage.
The wight is heavily damaged.
The wight closely misses you.
The wight hits you from afar with a +0 spear.
The wight hits you from afar with a +2 trident!
The wight hits you with a +4 great sword!
You die...

## #. ##.## ####
#...# #...#
#...# #.....
####...###......
#$......zzz...$.
#.......@.z.....
#.........z.....
####.<.######...
#...# . #...#
##.## #.# #.#
?.#


You could see 5 wights.

Vanquished Creatures
  A black bear (D:5)
  A phantom (D:5)
  2 necrophages (D:5)
  2 scorpions
  2 vampire bats (D:3)
  3 hounds
  Natasha (twice) (D:3)
  Terence (D:3)
  3 orc wizards (D:3)
  7 adders
  A shadow imp (D:5)
  An ufetubus (D:5)
  4 dart slugs
  17 orcs
  8 ball pythons
  3 bats
  2 bat skeletons (D:3)
  4 bat zombies (D:3)
  11 endoplasms
  6 giant cockroaches
  5 goblins
  7 hobgoblins
  10 jackals
  4 quokkas
  4 frilled lizards
  12 kobolds
  3 rats
126 creatures vanquished.

Notes
Turn   | Place    | Note
-------+----------+-------------------------------------------
     0 | D:1      | qw the Ghoul Fire Elementalist began the quest for the Orb.
     0 | D:1      | Reached XP level 1. HP: 14/14 MP: 2/2
     0 | D:1      | 0 ||| qw: Version: 0.1-a-90-g952f4b7
     0 | D:1      | 0 ||| qw: Game counter: 4262
     0 | D:1      | 0 ||| qw: Always use a shield: true
     0 | D:1      | 0 ||| qw: God list: Okawaru
     0 | D:1      | 0 ||| qw: Allow faded altars: false
     0 | D:1      | 0 ||| qw: Do Orc after D:15 true
     0 | D:1      | 0 ||| qw: Do second Lair branch before Depths: true
     0 | D:1      | 0 ||| qw: Lair rune preference: random
     0 | D:1      | 0 ||| qw: Plans: Normal
     0 | D:1      | 0 ||| PLANNING D:1-11
   113 | D:1      | Reached skill level 1 in Unarmed Combat
   341 | D:1      | Reached skill level 1 in Fighting
   341 | D:1      | Reached XP level 2. HP: 22/23 MP: 3/3
   541 | D:1      | 541 ||| Stepping ~*~*~tactically~*~*~ (stealth).
   543 | D:1      | 543 ||| Stepping ~*~*~tactically~*~*~ (stealth).
   544 | D:1      | 544 ||| Stepping ~*~*~tactically~*~*~ (stealth).
   545 | D:1      | 545 ||| Stepping ~*~*~tactically~*~*~ (stealth).
   547 | D:1      | 547 ||| Stepping ~*~*~tactically~*~*~ (stealth).
   569 | D:1      | You fall into a shaft and drop 1 floor!
   569 | D:2      | Found a snail-covered altar of Cheibriados.
   645 | D:2      | 645 ||| Stepping ~*~*~tactically~*~*~ (stealth).
   652 | D:2      | Reached skill level 2 in Unarmed Combat
   668 | D:2      | 668 ||| Stepping ~*~*~tactically~*~*~ (stealth).
   677 | D:2      | 677 ||| Stepping ~*~*~tactically~*~*~ (stealth).
   745 | D:2      | 745 ||| Stepping ~*~*~tactically~*~*~ (stealth).
   746 | D:2      | 746 ||| Stepping ~*~*~tactically~*~*~ (stealth).
   769 | D:2      | Found a runed translucent door.
   770 | D:2      | Noticed Crazy Yiuf
   860 | D:2      | 860 ||| UPGRADING to +0 chain mail.
   874 | D:2      | Reached XP level 3. HP: 28/28 MP: 4/4
   874 | D:2      | 874 ||| DROPPING +0 robe.
   875 | D:2      | 875 ||| UPGRADING to amulet of regeneration.
   880 | D:2      | 880 ||| READING scroll labelled MAERHU GANTOE.
   881 | D:2      | 881 ||| READING scroll labelled WIODDYVETUTE.
   903 | D:2      | 903 ||| DROPPING potion of magic.
  1033 | D:1      | 1033 ||| Stepping ~*~*~tactically~*~*~ (hiding).
  1070 | D:1      | Reached skill level 3 in Unarmed Combat
  1187 | D:1      | 1187 ||| Stepping ~*~*~tactically~*~*~ (stealth).
  1215 | D:1      | 1215 ||| Stepping ~*~*~tactically~*~*~ (outnumbered).
  1436 | D:1      | 1436 ||| UPGRADING to ring of see invisible.
  1437 | D:1      | 1437 ||| READING scroll labelled VIAZUO TISCH.
  1438 | D:1      | 1438 ||| READING scroll labelled ERGHEDE GUCOAX.
  1439 | D:1      | 1439 ||| READING scroll labelled FYTYTA MODA.
  1464 | D:2      | 1464 ||| Stepping ~*~*~tactically~*~*~ (stealth).
  1478 | D:2      | 1478 ||| Stepping ~*~*~tactically~*~*~ (stealth).
  1479 | D:2      | 1479 ||| Stepping ~*~*~tactically~*~*~ (stealth).
  1482 | D:2      | 1482 ||| Stepping ~*~*~tactically~*~*~ (stealth).
  1483 | D:2      | 1483 ||| Stepping ~*~*~tactically~*~*~ (stealth).
  1495 | D:2      | Reached XP level 4. HP: 35/35 MP: 5/5
  1543 | D:2      | 1543 ||| Stepping ~*~*~tactically~*~*~ (stealth).
  1544 | D:2      | 1544 ||| Stepping ~*~*~tactically~*~*~ (stealth).
  1779 | D:2      | Reached skill level 4 in Unarmed Combat
  1863 | D:2      | 1863 ||| DROPPING ring of wizardry.
  1864 | D:2      | 1864 ||| READING scroll labelled NULUCVYSASE.
  1865 | D:2      | 1865 ||| DRINKING 2 murky dark potions.
  1894 | D:3      | 1894 ||| STAIRDANCE
  1909 | D:2      | 1909 ||| Stepping ~*~*~tactically~*~*~ (stealth).
  1910 | D:2      | 1910 ||| Stepping ~*~*~tactically~*~*~ (stealth).
  1938 | D:3      | 1938 ||| STAIRDANCE
  2045 | D:3      | 2045 ||| Stepping ~*~*~tactically~*~*~ (hiding).
  2080 | D:3      | 2080 ||| Stepping ~*~*~tactically~*~*~ (stealth).
  2083 | D:3      | Found a faded altar of an unknown god.
  2084 | D:3      | 2084 ||| Stepping ~*~*~tactically~*~*~ (stealth).
  2085 | D:3      | 2085 ||| Stepping ~*~*~tactically~*~*~ (stealth).
  2086 | D:3      | 2086 ||| Stepping ~*~*~tactically~*~*~ (stealth).
  2100 | D:3      | Reached XP level 5. HP: 31/41 MP: 6/6
  2111 | D:3      | Reached skill level 1 in Armour
  2115 | D:3      | 2115 ||| Stepping ~*~*~tactically~*~*~ (outnumbered).
  2178 | D:3      | Noticed Natasha
  2189 | D:3      | Killed Natasha
  2190 | D:3      | Reached skill level 5 in Unarmed Combat
  2253 | D:3      | 2253 ||| Stepping ~*~*~tactically~*~*~ (stealth).
  2276 | D:3      | Reached XP level 6. HP: 48/48 MP: 7/7
  2293 | D:3      | Found a sacrificial altar of Ru.
  2304 | D:3      | 2304 ||| Stepping ~*~*~tactically~*~*~ (stealth).
  2395 | D:3      | Found an ancient bone altar of Kikubaaqudgha.
  2395 | D:3      | Noticed Terence
  2398 | D:3      | 2398 ||| Stepping ~*~*~tactically~*~*~ (outnumbered).
  2402 | D:3      | 2402 ||| Stepping ~*~*~tactically~*~*~ (outnumbered).
  2403 | D:3      | 2403 ||| Stepping ~*~*~tactically~*~*~ (outnumbered).
  2406 | D:3      | 2406 ||| Stepping ~*~*~tactically~*~*~ (outnumbered).
  2407 | D:3      | 2407 ||| Stepping ~*~*~tactically~*~*~ (outnumbered).
  2413 | D:3      | 2413 ||| Stepping ~*~*~tactically~*~*~ (outnumbered).
  2415 | D:3      | 2415 ||| Stepping ~*~*~tactically~*~*~ (outnumbered).
  2417 | D:3      | 2417 ||| Stepping ~*~*~tactically~*~*~ (outnumbered).
  2424 | D:3      | Killed Terence
  2426 | D:3      | Reached skill level 6 in Unarmed Combat
  2512 | D:3      | Noticed Natasha
  2529 | D:3      | Killed Natasha
  2530 | D:3      | Reached skill level 3 in Fighting
  2617 | D:3      | 2617 ||| READING scroll labelled XILANI ARUAG.
  2621 | D:3      | 2621 ||| DRINKING 2 metallic green potions.
  2633 | D:4      | 2633 ||| Stepping ~*~*~tactically~*~*~ (stealth).
  2647 | D:4      | 2647 ||| Stepping ~*~*~tactically~*~*~ (stealth).
  2650 | D:4      | 2650 ||| Stepping ~*~*~tactically~*~*~ (stealth).
  2651 | D:4      | 2651 ||| Stepping ~*~*~tactically~*~*~ (stealth).
  2661 | D:4      | 2661 ||| Stepping ~*~*~tactically~*~*~ (stealth).
  2686 | D:4      | 2686 ||| Stepping ~*~*~tactically~*~*~ (stealth).
  2732 | D:4      | 2732 ||| Stepping ~*~*~tactically~*~*~ (stealth).
  2772 | D:4      | Found a blossoming altar of Fedhas.
  2827 | D:4      | Identified the +4 falchion "Roickino" {flame, rElec MP-9
                  | Str-3 Dex+7}
  3048 | D:4      | 3048 ||| Stepping ~*~*~tactically~*~*~ (stealth).
  3050 | D:4      | 3050 ||| Stepping ~*~*~tactically~*~*~ (stealth).
  3058 | D:4      | Reached XP level 7. HP: 54/57 MP: 8/8
  3211 | D:4      | 3211 ||| READING scroll of teleportation.
  3212 | D:4      | 3212 ||| STAIRDANCE
  3242 | D:5      | Entered Level 5 of the Dungeon
  3413 | D:5      | Reached skill level 7 in Unarmed Combat
  3651 | D:5      | 3651 ||| Stepping ~*~*~tactically~*~*~ (stealth).
  4169 | D:5      | Reached skill level 8 in Unarmed Combat
  4231 | D:5      | Reached XP level 8. HP: 63/66 MP: 9/9
  4263 | D:5      | 4263 ||| Stepping ~*~*~tactically~*~*~ (stealth).
  4264 | D:5      | 4264 ||| Stepping ~*~*~tactically~*~*~ (stealth).
  4316 | D:5      | 4316 ||| UPGRADING to +0 pair of gloves.
  4321 | D:5      | 4321 ||| READING scroll labelled ICUTYA URAF.
  4322 | D:5      | 4322 ||| READING scroll labelled GAFUIN PEOSTRY.
  4367 | D:4      | 4367 ||| READING scroll of teleportation.
  4409 | D:4      | Found an ornate altar of the Wu Jian Council.
  4415 | D:4      | 4415 ||| Stepping randomly (stuck).
  4497 | D:6      | HP: 14/67 [wight/+2 trident (7)]
  4497 | D:6      | Slain by a wight

Levels and vault maps discovered:
D:1:      moated_graveyard_arrival, layout_loops_ring, minmay_tromino_v2
D:2:      layout_rooms, basic_altar, nicolae_kite_square_tiling_tiny,
          nicolae_figureground_sparkle, uniq_crazy_yiuf_cottage
D:3:      layout_rooms, kennysheep_vampire_church,
          nicolae_overflow_crystal_walls,
          shapermc_ecumenical_altar_starsandcircs,
          hangedman_abyss_or_decor_lesser_grid, uniq_natasha, uniq_terence
D:4:      layout_rooms, fedhas_altar_4, nicolae_overflow_hidden_temple
D:5:      layout_basic
D:6:      layout_loops_corners, serial_shops, nicolae_shop_stone,
          chequers_serial_rivers_large_a, grunt_ministairs_11

Skill      XL: |  1  2  3  4  5  6  7  8 |
---------------+-------------------------+-----
Unarmed Combat | 1 2 3 4 5 6 8 |  8.2
Fighting       | 1 2 3 4 |  4.5
Armour         | 1 |  1.5
Dodging        | |  1.7
Stealth        | |  2.1
Spellcasting   | |  1.7
Conjurations   | |  0.7
Fire Magic     | |  2.4

Action                   |  1- 3 |  4- 6 |  7- 9 || total
-------------------------+-------+-------+-------++-------
Melee: Unarmed           |   158 |   238 |    98 ||   494
       Punch             |       |     4 |     5 ||     9
Throw: Boomerang         |       |    26 |    18 ||    44
  Use: Scroll            |     5 |     2 |     4 ||    11
       Potion            |       |     2 |       ||     2
Armor: Robe              |     8 |       |       ||     8
       Chain mail        |    68 |   218 |    38 ||   324
Dodge: Dodged            |    64 |    96 |    31 ||   191

Table legend:
 A = Non-vault XP
 B = Vault XP
 C = Vault XP percentage of total XP
 D = Non-vault monster count
 E = Vault monster count
 F = Vault count percentage of total count
                 A         B        C        D         E       F
            +---------+---------+-------+---------+---------+-------
      Total |    1147 |     198 |  14.7 |     114 |      12 |   9.5
            +---------+---------+-------+---------+---------+-------
        D:1 |      55 |       4 |   6.8 |      27 |       2 |   6.9
        D:2 |      66 |       0 |   0.0 |      24 |       0 |   0.0
        D:3 |     249 |     194 |  43.8 |      25 |      10 |  28.6
        D:4 |     136 |       0 |   0.0 |      19 |       0 |   0.0
        D:5 |     641 |       0 |   0.0 |      19 |       0 |   0.0
            +---------+---------+-------+---------+---------+-------
